TOP OF THE 1ST |
---|
Seattle Pikes batting - Pitching for Jersey Shore D-Bags : RHP Roland Martin | Pitching: RHP Roland Martin | | Batting: RHB Pete Rideout | 0-0: Foul Ball, location: 2F 0-1: Ball 1-1: Ball 2-1: Ball 3-1: Base on Balls | Batting: LHB Roberto Lozano | 0-0: Ball 1-0: Ball 2-0: Grounds into double play, 1-6-3 (Groundball, P) | Batting: RHB Randy Sheppard | 0-0: Foul Ball, location: 2F 0-1: Ball 1-1: Called Strike 1-2: Foul Ball, location: 2F 1-2: Ball 2-2: Foul Ball, location: 2F 2-2: Foul Ball, location: 2F 2-2: SINGLE (Groundball, 6MD) | Batting: LHB Richard Hunter | 0-0: Called Strike 0-1: Ball 1-1: Foul Ball, location: 2F 1-2: Fly out, F7 (Flyball, 7D) | Top of the 1st over - 0 runs, 1 hit, 0 errors, 1 left on base; Seattle 0 - Jersey Shore 0 | BOTTOM OF THE 1ST |
---|
Jersey Shore D-Bags batting - Pitching for Seattle Pikes : LHP Jesús Martínez | Pitching: LHP Jesús Martínez | | Batting: RHB Ricardo González | 0-0: Called Strike 0-1: Ball 1-1: SINGLE (Line Drive, 78S) | Batting: RHB Mike Ingram | 0-0: Ball 1-0: Called Strike Ricardo González steals 2nd base 1-1: Ball 2-1: Swinging Strike 2-2: Ball 3-2: Base on Balls | Batting: LHB Dave Dodd | 0-0: Foul Ball, location: 2F 0-1: Grounds into double play, 4-6-3 (Groundball, 4) Ricardo González to third | Batting: RHB Miguel Serna | 0-0: Fly out, F7 (Flyball, 78S) | Bottom of the 1st over - 0 runs, 1 hit, 0 errors, 1 left on base; Seattle 0 - Jersey Shore 0 | TOP OF THE 2ND |
---|
Seattle Pikes batting - Pitching for Jersey Shore D-Bags : RHP Roland Martin | Batting: RHB Wallace Greene | 0-0: Ball 1-0: Ball 2-0: Ball 3-0: Called Strike 3-1: SINGLE (Groundball, 6MD) | Batting: RHB Iván Gonzáles | 0-0: Foul Ball, location: 2F 0-1: Ball 1-1: Ball Wallace Greene steals 2nd base 2-1: SINGLE (Groundball, 34) (infield hit) Wallace Greene to third | Batting: SHB António Hernández | 0-0: Foul Ball, location: 2F 0-1: Ball 1-1: Swinging Strike 1-2: Ball 2-2: Foul Ball, location: 2F 2-2: Strikes out swinging | Batting: RHB Arnold Harmon | 0-0: Swinging Strike 0-1: Ball 1-1: Swinging Strike 1-2: Foul Ball, location: 2F 1-2: Foul Ball, location: 2F 1-2: Strikes out swinging | Batting: RHB António López | 0-0: Ball 1-0: SINGLE (Groundball, 5D) Wallace Greene scores Iván Gonzáles to second | Batting: RHB Pete Rideout | 0-0: Foul Ball, location: 2F 0-1: Called Strike 0-2: Strikes out swinging | Top of the 2nd over - 1 run, 3 hits, 0 errors, 2 left on base; Seattle 1 - Jersey Shore 0 | BOTTOM OF THE 2ND |
---|
Jersey Shore D-Bags batting - Pitching for Seattle Pikes : LHP Jesús Martínez | Batting: RHB Ben Morton | 0-0: Called Strike 0-1: Foul Ball, location: 2F 0-2: Reached on error, E4 (Groundball, 34) | Batting: RHB Pat Fullerton | 0-0: Foul Ball, location: 2F 0-1: Ball 1-1: Foul Ball, location: 2F 1-2: Ball 2-2: Ball 3-2: Strikes out looking | Batting: RHB José Pinto | 0-0: Ball 1-0: Grounds into double play, 6-4-3 (Groundball, 6) | Bottom of the 2nd over - 0 runs, 0 hits, 1 error, 0 left on base; Seattle 1 - Jersey Shore 0 | TOP OF THE 3RD |
---|
Seattle Pikes batting - Pitching for Jersey Shore D-Bags : RHP Roland Martin | Batting: LHB Roberto Lozano | 0-0: Ground out 5-3 (Groundball, 56S) | Batting: RHB Randy Sheppard | 0-0: Ball 1-0: Called Strike 1-1: Swinging Strike 1-2: Ball 2-2: Ball 3-2: Foul Ball, location: 2F 3-2: Foul Ball, location: 2F 3-2: Foul Ball, location: 2F 3-2: Foul Ball, location: 2F 3-2: Strikes out swinging | Batting: LHB Richard Hunter | 0-0: Ball 1-0: Ball 2-0: Foul Ball, location: 2F 2-1: Called Strike 2-2: Ball 3-2: Strikes out looking | Top of the 3rd over - 0 runs, 0 hits, 0 errors, 0 left on base; Seattle 1 - Jersey Shore 0 | BOTTOM OF THE 3RD |
---|
Jersey Shore D-Bags batting - Pitching for Seattle Pikes : LHP Jesús Martínez | Batting: LHB Marcos Villarreal | 0-0: Foul Ball, location: 2F 0-1: Foul Ball, location: 2F 0-2: SINGLE (Groundball, 56D) | Batting: RHB Tetsunori Ito | 0-0: Called Strike 0-1: Called Strike 0-2: SINGLE (Groundball, 56D) Marcos Villarreal to second | Batting: RHB Ricardo González | 0-0: Foul Ball, location: 2F 0-1: Foul Ball, location: 2F 0-2: Fly out, F4 (Line Drive, 4) | Batting: RHB Mike Ingram | 0-0: SINGLE (Groundball, 6) (infield hit) Marcos Villarreal to third Tetsunori Ito to second | Batting: LHB Dave Dodd | 0-0: Ball 1-0: Ball 2-0: Foul Ball, location: 2F 2-1: Called Strike 2-2: Foul Ball, location: 2F 2-2: Ball 3-2: Fly out, F4 (Popup, 13S) | Batting: RHB Miguel Serna | 0-0: Ball 1-0: Ball 2-0: Called Strike 2-1: Swinging Strike 2-2: Foul Ball, location: 2F 2-2: Ball 3-2: Foul Ball, location: 2F 3-2: Foul Ball, location: 2F 3-2: Base on Balls Marcos Villarreal scores Tetsunori Ito to third Mike Ingram to second | Batting: RHB Ben Morton | 0-0: Ball 1-0: Called Strike 1-1: SINGLE (Line Drive, 6D) Tetsunori Ito scores Mike Ingram to third Miguel Serna to second Runner from 3rd tries for Home, SAFE, no throw | Batting: RHB Pat Fullerton | 0-0: Called Strike 0-1: Foul Ball, location: 2F 0-2: Ball 1-2: Ball 2-2: Ball 3-2: Base on Balls Miguel Serna to third Ben Morton to second | Batting: RHB José Pinto | 0-0: Ball 1-0: Ball 2-0: Called Strike 2-1: Swinging Strike 2-2: Ball 3-2: Base on Balls Miguel Serna scores Ben Morton to third Pat Fullerton to second | Batting: LHB Marcos Villarreal | 0-0: Swinging Strike 0-1: GRAND SLAM HOME RUN (Line Drive, 7LD), Distance : 345 ft | Batting: RHB Tetsunori Ito | 0-0: Called Strike 0-1: Ground out 3-1 (Groundball, 34) | Bottom of the 3rd over - 8 runs, 5 hits, 0 errors, 0 left on base; Seattle 1 - Jersey Shore 8 | TOP OF THE 4TH |
---|
Seattle Pikes batting - Pitching for Jersey Shore D-Bags : RHP Roland Martin | Batting: RHB Wallace Greene | 0-0: Ball 1-0: Foul Ball, location: 2F 1-1: Ball 2-1: Ball 3-1: Foul Ball, location: 2F 3-2: Base on Balls | Batting: RHB Iván Gonzáles | 0-0: Ball 1-0: Ball 2-0: Foul Ball, location: 2F 2-1: Ball 3-1: Foul Ball, location: 2F 3-2: Fly out, F8 (Flyball, 8LXD) | Batting: SHB António Hernández | 0-0: Ball 1-0: Foul Ball, location: 2F 1-1: Fly out, F8 (Flyball, 8RS) | Batting: RHB Arnold Harmon | 0-0: Fly out, F8 (Line Drive, 8RD) | Top of the 4th over - 0 runs, 0 hits, 0 errors, 1 left on base; Seattle 1 - Jersey Shore 8 | BOTTOM OF THE 4TH |
---|
Jersey Shore D-Bags batting - Pitching for Seattle Pikes : LHP Jesús Martínez | Batting: RHB Ricardo González | 0-0: Ball 1-0: SINGLE (Groundball, 34D) | Batting: RHB Mike Ingram | 0-0: Called Strike 0-1: Called Strike 0-2: Grounds into double play, 5-4-3 (Groundball, 56) | Batting: LHB Dave Dodd | 0-0: Ground out 6-3 (Groundball, 6) | Bottom of the 4th over - 0 runs, 1 hit, 0 errors, 0 left on base; Seattle 1 - Jersey Shore 8 | TOP OF THE 5TH |
---|
Seattle Pikes batting - Pitching for Jersey Shore D-Bags : RHP Roland Martin | Batting: RHB António López | 0-0: Ground out 5-3 (Groundball, 5) | Batting: RHB Pete Rideout | 0-0: Ball 1-0: Foul Ball, location: 2F 1-1: Ball 2-1: Ball 3-1: Fly out, F2 (Popup, 23F) | Batting: LHB Roberto Lozano | 0-0: Called Strike 0-1: Ball 1-1: Ball 2-1: Called Strike 2-2: Foul Ball, location: 2F 2-2: Strikes out looking | Top of the 5th over - 0 runs, 0 hits, 0 errors, 0 left on base; Seattle 1 - Jersey Shore 8 | BOTTOM OF THE 5TH |
---|
Jersey Shore D-Bags batting - Pitching for Seattle Pikes : LHP Jesús Martínez | Batting: RHB Miguel Serna | 0-0: Ball 1-0: Swinging Strike 1-1: SINGLE (Groundball, 6MD) | Batting: RHB Ben Morton | 0-0: Ball 1-0: 2-RUN HOME RUN (Flyball, 7D), Distance : 387 ft | Batting: RHB Pat Fullerton | 0-0: Foul Ball, location: 2F 0-1: Ball 1-1: Foul Ball, location: 2F 1-2: Ball 2-2: Foul Ball, location: 2F 2-2: Ball 3-2: Foul Ball, location: 2F 3-2: Base on Balls | Batting: RHB José Pinto | 0-0: Called Strike 0-1: Swinging Strike 0-2: Ball 1-2: Ball 2-2: Strikes out looking | Batting: LHB Marcos Villarreal | 0-0: Fly out, F7 (Flyball, 7LS) | Batting: RHB Tetsunori Ito | 0-0: Ground out 4-3 (Groundball, 34) | Bottom of the 5th over - 2 runs, 2 hits, 0 errors, 1 left on base; Seattle 1 - Jersey Shore 10 | TOP OF THE 6TH |
---|
Seattle Pikes batting - Pitching for Jersey Shore D-Bags : RHP Roland Martin | Batting: RHB Randy Sheppard | 0-0: Ball 1-0: Called Strike 1-1: Swinging Strike 1-2: Foul Ball, location: 2F 1-2: Foul Ball, location: 2F 1-2: Foul Ball, location: 2F 1-2: Ball 2-2: Ball 3-2: Strikes out swinging | Batting: LHB Richard Hunter | 0-0: Ball 1-0: Called Strike 1-1: Ball 2-1: Swinging Strike 2-2: Fly out, F4 (Line Drive, 34D) | Batting: RHB Wallace Greene | 0-0: Ground out 5-3 (Groundball, 56) | Top of the 6th over - 0 runs, 0 hits, 0 errors, 0 left on base; Seattle 1 - Jersey Shore 10 | BOTTOM OF THE 6TH |
---|
Jersey Shore D-Bags batting - Pitching for Seattle Pikes : LHP Jesús Martínez | Batting: RHB Ricardo González | 0-0: Called Strike 0-1: Ball 1-1: Ball 2-1: Foul Ball, location: 2F 2-2: SINGLE (Groundball, 56D) | Batting: RHB Mike Ingram | 0-0: Foul Ball, location: 2F 0-1: Ball 1-1: Ball 2-1: Ball 3-1: SINGLE (Line Drive, 7LS) Ricardo González to second | Batting: LHB Dave Dodd | 0-0: Ball 1-0: Foul Ball, location: 2F 1-1: Ground out 5-3 (Groundball, 56S) Ricardo González to third Mike Ingram to second | Pitching: RHP Sixto García | | Batting: RHB Miguel Serna | 0-0: Ball 1-0: Called Strike 1-1: 3-RUN HOME RUN (Flyball, 78XD), Distance : 416 ft | Batting: RHB Ben Morton | 0-0: Foul Ball, location: 2F 0-1: Foul Ball, location: 2F 0-2: Strikes out looking | Batting: RHB Pat Fullerton | 0-0: Ball 1-0: Called Strike 1-1: Foul Ball, location: 2F 1-2: Foul Ball, location: 2F 1-2: Strikes out swinging | Bottom of the 6th over - 3 runs, 3 hits, 0 errors, 0 left on base; Seattle 1 - Jersey Shore 13 | TOP OF THE 7TH |
---|
Seattle Pikes batting - Pitching for Jersey Shore D-Bags : RHP Roland Martin | Batting: RHB Iván Gonzáles | 0-0: Ground out 5-3 (Groundball, 56S) | Batting: SHB António Hernández | 0-0: Ball 1-0: Foul Ball, location: 2F 1-1: Ball 2-1: SINGLE (Groundball, 4S) (infield hit) | Batting: RHB Arnold Harmon | 0-0: Called Strike 0-1: Called Strike 0-2: Strikes out looking | Pitching: RHP Barry Garner | | Batting: RHB António López | 0-0: Ball 1-0: Ball 2-0: Ball 3-0: Called Strike 3-1: Swinging Strike 3-2: Fly out, F9 (Flyball, 89S) | Top of the 7th over - 0 runs, 1 hit, 0 errors, 1 left on base; Seattle 1 - Jersey Shore 13 | BOTTOM OF THE 7TH |
---|
Jersey Shore D-Bags batting - Pitching for Seattle Pikes : RHP Sixto García | Batting: RHB José Pinto | 0-0: Ball 1-0: Called Strike 1-1: Swinging Strike 1-2: Foul Ball, location: 2F 1-2: Strikes out swinging | Batting: LHB Marcos Villarreal | 0-0: Called Strike 0-1: Ball 1-1: Fly out, F7 (Flyball, 7S) | Batting: RHB Tetsunori Ito | 0-0: SINGLE (Groundball, 3D) | Batting: RHB Ricardo González | 0-0: Ball 1-0: Foul Ball, location: 2F 1-1: Foul Ball, location: 2F 1-2: Ball 2-2: Foul Ball, location: 2F 2-2: Ground out 1-3 (Groundball, 15) | Bottom of the 7th over - 0 runs, 1 hit, 0 errors, 1 left on base; Seattle 1 - Jersey Shore 13 | TOP OF THE 8TH |
---|
Seattle Pikes batting - Pitching for Jersey Shore D-Bags : RHP Barry Garner | Batting: RHB Pete Rideout | 0-0: Ball 1-0: Ball 2-0: Called Strike 2-1: Foul Ball, location: 2F 2-2: Ball 3-2: Base on Balls | Batting: LHB Roberto Lozano | 0-0: Ball 1-0: Ball 2-0: Called Strike 2-1: Fly out, F8 (Flyball, 8LXD) | Batting: RHB Randy Sheppard | 0-0: Ball 1-0: Ball 2-0: Ball 3-0: Called Strike 3-1: Swinging Strike 3-2: Foul Ball, location: 2F 3-2: Strikes out swinging | Batting: LHB Richard Hunter | 0-0: 2-RUN HOME RUN (Flyball, 9D), Distance : 364 ft | Batting: RHB Wallace Greene | 0-0: Fly out, F1 (Line Drive, 13) | Top of the 8th over - 2 runs, 1 hit, 0 errors, 0 left on base; Seattle 3 - Jersey Shore 13 | BOTTOM OF THE 8TH |
---|
Jersey Shore D-Bags batting - Pitching for Seattle Pikes : RHP Sixto García | Batting: RHB Mike Ingram | 0-0: Swinging Strike 0-1: Foul Ball, location: 2F 0-2: Ball 1-2: Strikes out looking | Batting: LHB Dave Dodd | 0-0: Foul Ball, location: 2F 0-1: Ball 1-1: Ball 2-1: Ball 3-1: Ground out 6-3 (Groundball, 56) | Batting: RHB Miguel Serna | 0-0: Ball 1-0: Ball 2-0: Foul Ball, location: 2F 2-1: Swinging Strike 2-2: Fly out, F9 (Flyball, 9LM) | Bottom of the 8th over - 0 runs, 0 hits, 0 errors, 0 left on base; Seattle 3 - Jersey Shore 13 | TOP OF THE 9TH |
---|
Seattle Pikes batting - Pitching for Jersey Shore D-Bags : RHP Barry Garner | Batting: RHB Iván Gonzáles | 0-0: Called Strike 0-1: Swinging Strike 0-2: Foul Ball, location: 2F 0-2: Strikes out swinging | Batting: SHB António Hernández | 0-0: Ball 1-0: Called Strike 1-1: Ball 2-1: Foul Ball, location: 2F 2-2: Ball 3-2: Foul Ball, location: 2F 3-2: Foul Ball, location: 2F 3-2: Foul Ball, location: 2F 3-2: Base on Balls | Batting: RHB Arnold Harmon | 0-0: Called Strike 0-1: Foul Ball, location: 2F 0-2: Ball 1-2: Ball 2-2: Foul Ball, location: 2F 2-2: Ball 3-2: 2-RUN HOME RUN (Flyball, 89XD), Distance : 413 ft | Batting: RHB António López | 0-0: Foul Ball, location: 2F 0-1: Fly out, F9 (Flyball, 89M) | Batting: RHB Pete Rideout | 0-0: Called Strike 0-1: Ball 1-1: Ground out 1-3 (Groundball, 15S) | Top of the 9th over - 2 runs, 1 hit, 0 errors, 0 left on base; Seattle 5 - Jersey Shore 13 | |